 Dungeon Crawl Stone Soup version 0.16-a0-1885-g0f03bb0 (console) character file.

12187 Fusha the Fighter (level 11, -12/102 HPs)
             Began as a Ghoul Abyssal Knight on Nov 2, 2014.
             Was the Champion of Lugonu.
             Mangled by a komodo dragon (25 damage)
             ... on level 3 of the Lair of Beasts on Nov 5, 2014.
             The game lasted 01:48:13 (18002 turns).

Fusha the Fighter (Ghoul Abyssal Knight)           Turns: 18002, Time: 01:48:13

Health: -12/102    AC: 17    Str: 20    XL:     11   Next: 89%
Magic:  20/21      EV:  7    Int:  7    God:    Lugonu [******]
Gold:   485        SH:  0    Dex:  8    Spells: 1 memorised, 9 levels left

rFire  . . .     SeeInvis .       - Unarmed
rCold  + . .     Clarity  .     z - +1 chain mail {MR+}
rNeg   + + +     SustAb   .     (no shield)
rPois  +         Gourm    .     w - +2 helmet
rElec  .         Spirit   .     L - +0 cloak
rCorr  .         Warding  .     n - +0 pair of gloves
rMut   .         Stasis   +     (no boots)
MR     ++...                    k - amulet of stasis
Stlth  ..........               q - ring of protection from magic
                                (no ring)

@: rotting, very resistant to hostile enchantments, extremely unstealthy
A: rotting body, claws 1, carnivore 3, cold resistance 1, negative energy
resistance 3, poison resistance, slow healing 1, torment resistance, unbreathing
a: Depart the Abyss, Bend Space, Banish, Corrupt, Enter the Abyss, Renounce
Religion


You were on level 3 of the Lair of Beasts.
You worshipped Lugonu.
Lugonu was exalted by your worship.
You were not hungry.

You visited 2 branches of the dungeon, and saw 13 of its levels.
You visited the Abyss 1 time.
You also visited: Sewer.

You collected 787 gold pieces.
You spent 302 gold pieces at shops.

Inventory:

Missiles
 c - 2 javelins (quivered)
 f - 389 stones
 s - 3 tomahawks of returning
 N - 2 throwing nets
Armour
 a - a +0 chain mail of poison resistance
 b - a +0 leather armour
 n - a +0 pair of gloves (worn)
 r - a +0 ring mail
 w - a +2 helmet (worn)
 z - a +1 chain mail of magic resistance (worn)
 G - a +1 hat
 L - a +0 cloak (worn)
Jewellery
 k - an amulet of stasis (around neck)
 p - an uncursed ring of flight
 q - a ring of protection from magic (right hand)
 O - an uncursed ring of fire
 Q - an uncursed ring of fire
Magical devices
 B - a wand of draining (0)
 D - a wand of paralysis (0)
 S - a wand of draining (0)
 V - a wand of frost (28)
 W - a wand of disintegration (0)
Scrolls
 e - 4 scrolls of teleportation
 g - a scroll of vulnerability
 j - 4 scrolls of remove curse
 o - 3 scrolls of enchant weapon
 t - 3 scrolls of amnesia
 v - a scroll of fear
 x - 3 scrolls of blinking
 y - a scroll of noise
 A - a scroll of immolation
 F - a scroll of holy word {unknown}
 K - a scroll of summoning
 M - 3 scrolls of magic mapping
 X - a scroll of brand weapon {unknown}
Potions
 d - 2 potions of curing
 h - 3 potions of flight
 l - 2 potions of resistance
 m - a potion of cure mutation
 u - a potion of mutation
 C - a potion of confusion
 H - a potion of haste
 I - 2 potions of might
 J - a potion of cancellation
 T - a potion of heal wounds
 U - a potion of poison
Miscellaneous
 P - a plain deck of summonings {drawn: 6}
Comestibles
 i - 4 beef jerkies
 E - a slice of pizza
 R - 4 meat rations


   Skills:
 * Level 11.4 Fighting
 + Level 6.1 Armour
 - Level 0.8 Dodging
 * Level 11.0 Unarmed Combat
 * Level 3.8 Necromancy
 + Level 8.8 Invocations
 * Level 5.2 Evocations


You had 9 spell levels left.
You knew the following spells:

 Your Spells              Type           Power        Failure   Level  Hunger
a - Animate Skeleton      Necr           N/A          88%         1    ##.....


Dungeon Overview and Level Annotations

Branches:
Dungeon (10/15)            Temple (0/1) D:4            Lair (3/8) D:10
    Orc (0/4) D:10
  Swamp: Lair:3-6    Shoals: Lair:3-6     Snake: Lair:3-6    Spider: Lair:3-6

Altars:
Dithmenos
Elyvilon
Nemelex Xobeh
Okawaru

Shops:
D:5 *   D:7 (   D:8 !


Innate Abilities, Weirdness & Mutations

Your body is rotting away.
You thrive on raw meat.
You have sharp fingernails.
You are carnivorous and can eat meat at any time.
Your flesh is cold resistant.
You are immune to negative energy.
Your system is resistant to poisons.
You heal slowly when monsters are visible.
You are immune to unholy pain and torment.
You can survive without breathing.


Message History

Aim: a komodo dragon (almost dead)
Okay, then.
Unknown command.
Throwing (i - inventory. (,) - cycle):
c - 4 javelins (quivered)
Press: ? - help, Shift-Dir - straight line, f/p - komodo dragon
Aim: a komodo dragon (almost dead)
You throw a javelin.
The javelin hits the komodo dragon but does no damage.
The komodo dragon is almost dead.
Throwing (i - inventory. (,) - cycle):
c - 3 javelins (quivered)
Press: ? - help, Shift-Dir - straight line, f/p - komodo dragon
Aim: a komodo dragon (almost dead)
You throw a javelin.
The javelin barely misses the komodo dragon.
Found a stone staircase leading down.
Use which ability? (? or * to list) Space bends sharply around you!
The komodo dragon blinks!
You blink.
* * * LOW HITPOINT WARNING * * *
You feel slightly more hungry. The komodo dragon bites you!!
You die...

......# #.. ....... .........
....... ......... .......
...........#
...#..+#..#........
...#..............# .
..........#.......# ..#
...#..(.........l.# ...#
#...............@.#####P.P#
#.................##.....PP#
##.#.......(....(.........P##
.#........#........ยงยง.......#
.#..#..#.##................#.
............................
...........................>
P.#P###.#P#..#..######.###.#
##### ########### ##


You could see a komodo dragon.

Vanquished Creatures
  Gastronok (Lair:1)
  A hydra (Lair:1)
  A black mamba (Lair:1)
  A centaur skeleton (D:10)
  A spiny frog (Lair:2)
  A kobold demonologist (Lair:1)
  2 trolls
  A basilisk (Lair:1)
  3 yaks (D:10)
  2 deep elf magi
  A hungry ghost (D:8)
  The ghost of Gorice the Cutter, an average DsWn of Okawaru (Sewer)
  2 hippogriffs
  2 porcupines (Lair:1)
  A water moccasin (Lair:2)
  A necrophage (D:10)
  3 black bears
  6 phantoms
  2 ice beasts
  6 orc warriors
  3 sky beasts
  An ogre (D:5)
  2 boring beetles (D:10)
  Sigmund (D:2)
  4 crocodiles
  2 big kobolds
  A centaur (D:10)
  Blork the orc (D:4)
  8 giant frogs
  3 scorpions
  9 killer bees
  9 wights (D:7)
  A troll skeleton (D:9)
  3 goliath beetles
  6 crimson imps
  10 hounds
  3 giant frog skeletons
  5 jellies
  An orc priest (D:7)
  4 worker ants
  9 orc wizards
  4 iguanas
  Natasha (D:6)
  A gnoll shaman (D:7)
  5 sheep (Lair:1)
  Ijyb (D:2)
  An ogre skeleton (D:4)
  2 ogre zombies
  A big kobold zombie (D:9)
  3 hound zombies
  A mummy (D:9)
  9 green rats
  16 adders
  11 gnolls
  An orc zombie (D:8)
  3 shadow imps
  6 giant mites
  A worm (D:2)
  An adder skeleton (D:4)
  2 orc skeletons
  13 giant geckos
  3 oozes
  37 orcs
  5 giant cockroaches
  18 hobgoblins
  5 jackals
  7 quokkas
  2 ball pythons (D:3)
  16 bats
  6 giant newts
  20 goblins
  A hobgoblin zombie (D:7)
  18 kobolds
  15 rats
361 creatures vanquished.

Vanquished Creatures (collateral kills)
  A hydra (Lair:2)
1 creature vanquished.

Vanquished Creatures (others)
  A komodo dragon (Lair:1)
  A dancing weapon (Lair:1)
  A goliath beetle (D:6)
  A basilisk skeleton (Lair:2)
4 creatures vanquished.

Grand Total: 366 creatures vanquished

Notes
Turn   | Place    | Note
--------------------------------------------------------------
     0 | Abyss:1  | Fusha, the Ghoul Abyssal Knight, began the quest for the Orb.
     0 | Abyss:1  | Reached XP level 1. HP: 19/19 MP: 1/1
    62 | Abyss:1  | Noticed a smoke demon
    72 | D:1      | Escaped the Abyss
   560 | D:1      | Reached XP level 2. HP: 12/24 MP: 2/2
   700 | D:1      | Acquired Lugonu's first power
  1076 | D:2      | Reached XP level 3. HP: 3/33 MP: 4/4
  1120 | D:2      | Reached skill level 4 in Fighting
  1232 | D:2      | Noticed Sigmund
  1250 | D:2      | Killed Sigmund
  1250 | D:2      | Reached XP level 4. HP: 21/41 MP: 4/5
  1433 | D:2      | Reached XP level 5. HP: 44/47 MP: 7/7
  1730 | D:2      | Acquired Lugonu's second power
  1793 | D:2      | Noticed Ijyb
  1840 | D:2      | Killed Ijyb
  2320 | D:3      | Reached skill level 5 in Fighting
  2491 | D:3      | Reached XP level 6. HP: 16/56 MP: 9/9
  2519 | D:3      | Found a glowing drain.
  2566 | Sewer    | Entered a sewer
  2706 | Sewer    | Noticed Gorice's ghost (average DsWn)
  2751 | Sewer    | Killed Gorice's ghost
  2751 | Sewer    | Reached skill level 5 in Unarmed Combat
  2753 | Sewer    | Upgraded the game from 0.16-a0-1794-gf7beed7 to 0.16-a0-1885-g0f03bb0
  2821 | Sewer    | Acquired Lugonu's third power
  2880 | Sewer    | Reached skill level 6 in Fighting
  2880 | Sewer    | Reached XP level 7. HP: 49/63 MP: 10/10
  2925 | Sewer    | Found a white marble altar of Elyvilon.
  3637 | D:4      | Found an iron altar of Okawaru.
  3685 | D:4      | Noticed Blork the orc
  3711 | D:4      | Killed Blork the orc
  3712 | D:4      | Found a staircase to the Ecumenical Temple.
  4306 | D:5      | Entered Level 5 of the Dungeon
  4361 | D:5      | Found Giuhoan's General Store.
  4364 | D:5      | Bought 12 stones for 13 gold pieces
  4364 | D:5      | Bought a +0 helmet for 49 gold pieces
  4364 | D:5      | Bought a scroll of enchant armour for 82 gold pieces
  4526 | D:5      | Acquired Lugonu's fourth power
  4858 | D:5      | Reached XP level 8. HP: 66/70 MP: 12/12
  5383 | D:5      | Reached skill level 5 in Invocations
  5660 | D:5      | Reached skill level 7 in Fighting
  6810 | D:6      | Reached XP level 9. HP: 23/78 MP: 17/17
  7269 | D:6      | Reached skill level 8 in Fighting
  7314 | D:6      | Noticed Natasha
  7332 | D:6      | Killed Natasha
  8407 | D:7      | Found a white marble altar of Elyvilon.
  8811 | D:7      | Found Wekh's Antique Weapon Boutique.
 10087 | D:8      | Reached skill level 9 in Fighting
 10170 | D:8      | Found Plog's Distillery.
 10176 | D:8      | Bought a potion of agility for 27 gold pieces
 10176 | D:8      | Bought a potion of haste for 77 gold pieces
 10176 | D:8      | Bought a potion of might for 27 gold pieces
 10176 | D:8      | Bought a potion of might for 27 gold pieces
 10498 | D:8      | Acquired Lugonu's fifth power
 10846 | D:7      | Reached XP level 10. HP: 72/91 MP: 19/19
 10929 | D:8      | Reached skill level 5 in Armour
 11778 | D:9      | Noticed a griffon
 12380 | D:9      | Found a sparkling altar of Nemelex Xobeh.
 12493 | D:9      | Reached skill level 1 in Evocations
 13200 | D:10     | Entered Level 10 of the Dungeon
 13205 | D:10     | Reached skill level 10 in Fighting
 13262 | D:10     | Noticed a hill giant
 13318 | D:10     | Reached skill level 10 in Unarmed Combat
 13346 | D:10     | Found a staircase to the Lair.
 13388 | D:10     | Learned a level 1 spell: Animate Skeleton
 13563 | D:10     | Reached skill level 1 in Necromancy
 13783 | D:10     | Found a staircase to the Orcish Mines.
 13791 | D:10     | Reached XP level 11. HP: 98/101 MP: 21/21
 14938 | Lair:1   | Entered Level 1 of the Lair of Beasts
 14961 | Lair:1   | HP: 1/100 [komodo dragon (27)]
 15490 | Lair:1   | Noticed Gastronok
 15708 | Lair:1   | Killed Gastronok
 15708 | Lair:1   | Reached skill level 11 in Fighting
 16359 | Lair:1   | Noticed a five-headed hydra
 16391 | Lair:1   | Killed a five-headed hydra
 16723 | Lair:2   | Reached skill level 5 in Evocations
 17094 | Lair:2   | Found a shadowy altar of Dithmenos.
 17097 | Lair:2   | Noticed a six-headed hydra
 17666 | Lair:2   | Killed a six-headed hydra
 18002 | Lair:3   | Mangled by a komodo dragon

Action                   |  1- 3 |  4- 6 |  7- 9 | 10-12 || total
-------------------------+-------+-------+-------+-------++-------
Melee: Unarmed           |    97 |   208 |   771 |   806 ||  1882
Throw: Javelin           |     3 |     4 |       |     2 ||     9
       Stone             |       |     2 |       |       ||     2
Invok: Depart the Abyss  |     1 |       |       |       ||     1
       Bend Space        |       |       |     4 |     2 ||     6
       Banish            |       |       |     1 |     1 ||     2
 Abil: Evoke Flight      |       |     4 |     2 |       ||     6
Evoke: Wand              |       |     2 |     7 |    17 ||    26
       Deck              |       |       |       |     6 ||     6
  Use: Potion            |     5 |     5 |     5 |     5 ||    20
       Scroll            |       |     5 |     8 |     5 ||    18
 Stab: Paralysed         |       |    10 |    11 |     6 ||    27
       Confused          |       |       |     2 |       ||     2
       Distracted        |       |       |       |     1 ||     1
  Eat: Chunk             |    16 |    16 |    30 |    54 ||   116
       Meat ration       |       |       |     1 |       ||     1
